Map: [ESL] Alcyone

Players

SHIN - Winner!

  • Race: Zerg Zerg
  • Spawn Location: 7:00

Spirit

  • Race: Terran Terran
  • Spawn Location: 1:00

Event: ESL SC2 Masters 2023 Winter (Finals)

VOD

Have the link to the VOD?

Description

Time

  • Played on: Dec. 16, 2023, 10:03 a.m.
  • Length: 4:48

All games in this series

Show
View Real Time Build Order
Export as new Build Order

SHIN Zerg - Winner!

Build Orders: Hatch First 

Get SALT Encoding   

  12  0:00  Drone  
  13  0:08  Drone  
  14  0:17  Overlord  
  16  0:35  Drone x2  
  16  0:43  Drone  
  17  0:52  Hatchery  
  17  0:55  Drone  
  17  0:58  Drone  
  17  1:03  Extractor  
  17  1:13  Spawning Pool  
  17  1:17  Drone  
  17  1:20  Drone  
  18  1:29  Drone  
  19  1:41  Drone  
  20  2:00  Zergling x2  
  21  2:01  Zergling x2  
  21  2:03  Metabolic Boost  
  21  2:04  Queen  
  21  2:05  Zergling x2  
  25  2:14  Drone, Roach Warren  
  25  2:16  Drone  
  26  2:23  Overlord  
  26  2:27  Queen  
  28  2:35  Overlord  
  28  2:53  Roach x3  
  28  2:54  Roach  
  36  3:04  Roach  
  38  3:08  Zergling x4  
  40  3:15  Zergling x6  
  43  3:21  Zergling x2  
  43  3:26  Overlord  
  44  3:29  Hatchery  
  44  3:32  Ravager  
  44  3:41  Overlord  
  44  3:45  Drone x5  
  49  3:51  Drone  
  49  3:53  Drone  
  51  4:01  Drone  
  50  4:03  Drone  
  51  4:11  Drone  
  51  4:12  Drone  
  51  4:13  Drone x2  
  51  4:14  Drone  
  58  4:18  Drone x2  
Show
View Real Time Build Order
Export as new Build Order

Spirit Terran 

Build Orders: Command Center First 

Get SALT Encoding   

  12  0:00  SCV  
  13  0:12  SCV  
  14  0:17  Supply Depot  
  14  0:24  SCV  
  15  0:38  SCV  
  16  0:50  SCV  
  17  0:59  Command Center  
  17  1:03  SCV  
  18  1:13  Barracks  
  18  1:16  SCV  
  19  1:21  Refinery  
  19  1:28  SCV  
  19  1:30  Refinery  
  20  1:40  SCV  
  21  1:52  SCV  
  22  2:00  Marine  
  23  2:04  Orbital Command  
  23  2:11  Orbital Command  
  23  2:14  Factory  
  23  2:18  Marine  
  24  2:24  Supply Depot  
  24  2:30  SCV  
  24  2:36  Barracks Reactor  
  25  2:40  SCV  
  25  2:42  SCV  
  27  2:52  SCV  
  27  2:54  SCV  
  29  2:59  Starport  
  29  3:04  SCV  
  30  3:06  SCV  
  31  3:13  Marine x2  
  31  3:16  SCV  
  31  3:18  SCV  
  35  3:23  Command Center  
  35  3:29  SCV  
  35  3:30  SCV  
  35  3:31  Marine  
  38  3:35  Fusion Core  
  38  3:36  Starport Tech Lab  
  38  3:40  Refinery  
  38  3:41  SCV  
  39  3:43  Refinery  
  39  3:44  SCV  
  39  3:45  Marine  
  41  3:48  Marine  
  41  3:51  Bunker  
  43  3:57  Banshee  
  43  4:01  Cyclone  
  42  4:04  Marine  
  42  4:08  SCV  
  34  4:20  Marine  
  34  4:22  SCV  
  34  4:30  Marine  
Tags
 
Add a new tag
Caveats
  • Supply blocks, unpowered buildings, or Contaminate may cause inaccurate times.
  • Supply counts are checked every 10 seconds.